Cogmind - Beta 11 @@@ ROGUE MODE // 2022.04.10 @ 23:26:49 Player: Momo Result: Destroyed by Y-45 Defender with Beam Rifle Performance ------------- Evolutions (2) 1000 Regions Visited (6) 1200 Robots Destroyed (4) 20 Value Destroyed (42) 42 Prototype IDs (3) 60 Alien Tech Used (0) 0 Bonus (300) 300 TOTAL SCORE: 2622 Bonus ------- Aligned with FarCom 300 Cogmind --------- Core Integrity 0/550 Matter 290/300 Energy 99/100 System Corruption 0% Temperature Cool (9) Movement Core (100) Ox1 Location -8/Storage Parts ------- > --- POWER (1) -------- (None) > --- PROPULSION (4) --- (None) > --- UTILITY (4) ------ Small Storage Unit System Shield > --- WEAPON (2) ------- (None) > --- INVENTORY (8) ---- Cloak of Protection Trap Reconfigurator Cooled Plasma Cannon Cooled Plasma Cannon AWS/Gauss Maul Peak State ------------ > --- POWER ------------ (None) > --- PROPULSION ------- (None) > --- UTILITY ---------- Small Storage Unit System Shield > --- WEAPON ----------- Cooled Plasma Cannon Cooled Plasma Cannon > --- INVENTORY -------- Cloak of Protection Trap Reconfigurator AWS/Gauss [Rating: 19] Favorites ----------- Power Light Ion Engine Engine Light Ion Engine Propulsion Flight Unit Wheel Wheel Flight Unit Flight Unit Utility Small Storage Unit Device Weight Redist. System Storage Small Storage Unit Processor Machine Analyzer Hackware System Shield Weapon Cooled Plasma Cannon Energy Gun EM Pulse Gun Energy Cannon Cooled Plasma Cannon Ballistic Gun Light Assault Rifle Impact Weapon Maul Slashing Weapon Katana Build | -11 -10 -10 -10 -9 -8 -8 ------- Run | Scr Mat Min Exi Min Mat Sto Slots Evolved 4 | . . . . . 4 . Power . | . . . . . . . Propulsion 2 | . . . . . 2 . Utility 2 | . . . . . 2 . Weapon . | . . . . . . . Parts Attached 18 | 5 3 1 . . 3 6 Power 2 | 1 . 1 . . . . Engine 2 | 1 . 1 . . . . Core . | . . . . . . . Reactor . | . . . . . . . Propulsion 4 | 2 2 . . . . . Treads . | . . . . . . . Leg . | . . . . . . . Wheel 2 | 2 . . . . . . Hover . | . . . . . . . Flight 2 | . 2 . . . . . Utility 5 | 1 . . . . 2 2 Device 1 | . . . . . 1 . Storage 2 | 1 . . . . . 1 Processor 1 | . . . . . 1 . Hackware 1 | . . . . . . 1 Protection . | . . . . . . . Artifact . | . . . . . . . Weapon 7 | 1 1 . . . 1 4 Energy Gun 1 | 1 . . . . . . Energy Cannon 2 | . . . . . . 2 Ballistic Gun 1 | . 1 . . . . . Ballistic Cannon . | . . . . . . . Launcher . | . . . . . . . Special Weapon . | . . . . . . . Impact Weapon 2 | . . . . . . 2 Slashing Weapon 1 | . . . . . 1 . Piercing Weapon . | . . . . . . . Special Melee Weapon . | . . . . . . . Unidentified Prototypes 1 | . . . . . . 1 Parts Lost 6 | . 1 1 . . 4 . Power 2 | . . 1 . . 1 . Propulsion 2 | . . . . . 2 . Utility 1 | . . . . . 1 . Weapon 1 | . 1 . . . . . Highest Loss Streak 4 | . 1 1 . . 4 . To Critical Strikes . | . . . . . . . Average Slot Usage (%) 40 | . 67 57 57 57 36 21 Engine 7 | . 14 14 14 14 6 . Wheel 1 | . 16 . . . . . Flight 13 | . 12 28 28 28 13 . Storage 9 | . 14 14 14 14 6 4 Processor 1 | . . . . . 6 . Hackware 2 | . . . . . . 6 Energy Cannon 2 | . . . . . . 6 Impact Weapon 1 | . . . . . . 2 Naked Turns 50 | . . . . . 14 36 Heaviest Build 16 | 10 10 8 8 8 10 16 Greatest Support 20 | 20 20 8 8 8 14 3 Greatest Overweight (x) 5 | . 2 . . . . 5 Average Overweight (x) . | . . . . . . 1 Largest Inventory Capacity 8 | 8 8 8 8 8 8 8 Average Capacity 7 | 7 8 8 8 8 7 6 Most Carried 8 | . 2 2 8 8 8 7 Average Carried 4 | . . 2 5 8 7 5 Final Capacity 8 | 8 8 8 8 8 5 8 Final Carried 8 | . 2 2 8 8 5 7 Class Distribution -------------------- 100% | Mutant Dominant Class ---------------- Mutant | -10/Materials Mutant | -10/Mines Mutant | -10/Exiles Mutant | -9/Mines Mutant | -8/Materials Mutant | -8/Storage Resources | -11 -10 -10 -10 -9 -8 -8 ----------- Run | Scr Mat Min Exi Min Mat Sto Matter Collected 397 | 183 28 71 40 . 25 50 Remotely . | . . . . . . . Salvage Created 86 | . 43 . . . . 43 Parts 10 | . 8 . . . . 2 Haulers Intercepted 1 | . . . . . . 1 Recyclers Shooed 1 | . 1 . . . . . Parts Field Recycled . | . . . . . . . Retrieved Matter . | . . . . . . . Parts Self-Destructed . | . . . . . . . Prevented . | . . . . . . . Kills | -11 -10 -10 -10 -9 -8 -8 ------- Run | Scr Mat Min Exi Min Mat Sto Combat Hostiles Destroyed 3 | . 3 . . . . . Guns 3 | . 3 . . . . . Classes Destroyed 2 | . 1 . . . . 1 Hauler 1 | . . . . . . 1 Swarmer 3 | . 3 . . . . . Best Kill Streak 3 | . 3 . . . . 1 Combat Bots Only 3 | . 3 . . . . . Max Kills in Single Turn 1 | . 1 . . . . 1 Gunslinging . | . . . . . . . Exploded . | . . . . . . . Melee . | . . . . . . . Uniques/NPCs Destroyed . | . . . . . . . Combat | -11 -10 -10 -10 -9 -8 -8 -------- Run | Scr Mat Min Exi Min Mat Sto Damage Taken 902 | . 185 14 . 27 443 233 Core 634 | . 57 . . 27 332 218 Absorbed by Shields . | . . . . . . . Core Remaining (%) 83 | 100 . . . 66 . . Volleys Fired 15 | . 13 . . . . 2 Largest 1 | . 1 . . . . 1 Hottest 40 | . 40 . . . . 35 Shots Fired 15 | . 13 . . . . 2 Gun 13 | . 13 . . . . . Cannon 2 | . . . . . . 2 Launcher . | . . . . . . . Special . | . . . . . . . Kinetic 7 | . 7 . . . . . Thermal 2 | . . . . . . 2 Explosive . | . . . . . . . Electromagnetic 6 | . 6 . . . . . Robot Hit Streak 4 | . 4 . . . . . Robot Miss Streak 2 | . 2 . . . . . Penetration Max . | . . . . . . . Secondary Targets . | . . . . . . . Shots Hit Robots 10 | . 7 . . . . 3 Core Hits 3 | . 3 . . . . . Critical Kills 1 | . 1 . . . . . Critical Parts Destroyed 1 | . . . . . . 1 Critical Strikes 2 | . 1 . . . . 1 Destroy 1 | . 1 . . . . . Smash 1 | . . . . . . 1 Melee Attacks 6 | . . . . . . 6 Impact 6 | . . . . . . 6 Slashing . | . . . . . . . Piercing . | . . . . . . . Sneak Attacks 1 | . . . . . . 1 Combat Hostiles . | . . . . . . . Follow-up Attacks . | . . . . . . . Damage Inflicted 253 | . 75 . . . . 178 Guns 75 | . 75 . . . . . Cannons . | . . . . . . . Explosions . | . . . . . . . Melee 178 | . . . . . . 178 Ramming . | . . . . . . . Kinetic 43 | . 43 . . . . . Thermal . | . . . . . . . Explosive . | . . . . . . . Electromagnetic 32 | . 32 . . . . . Impact 178 | . . . . . . 178 Slashing . | . . . . . . . Piercing . | . . . . . . . Highest Corruption . | . . . . . . . Average Corruption . | . . . . . . . Corruption Purged . | . . . . . . . Corruption Blocked . | . . . . . . . Overload Shots . | . . . . . . . Overflow Damage 65 | . . . . . . 65 Projectiles . | . . . . . . . Explosions . | . . . . . . . Melee 65 | . . . . . . 65 Knockbacks . | . . . . . . . Impact . | . . . . . . . Kinetic . | . . . . . . . Secondary . | . . . . . . . Self-Inflicted Damage . | . . . . . . . Shots . | . . . . . . . Rammed . | . . . . . . . Targets Rammed . | . . . . . . . Kicked . | . . . . . . . Crushed . | . . . . . . . Highest Temperature . | . . . . . . . Average Temperature . | . . . . . . . Received Heat Transfer 87 | . . . . 15 9 63 Siege Activations . | . . . . . . . Robots Corrupted . | . . . . . . . Combat Hostiles . | . . . . . . . Parts Fried 1 | . . . . . . 1 Impact Corruptions 2 | . . . . . . 2 Robots Melted . | . . . . . . . Combat Hostiles . | . . . . . . . Parts Melted . | . . . . . . . Heat Transferred . | . . . . . . . Parts Sabotaged . | . . . . . . . Parts Stolen . | . . . . . . . Parts Stripped . | . . . . . . . Power Chain Reactions . | . . . . . . . Missiles Intercepted . | . . . . . . . Alert | -11 -10 -10 -10 -9 -8 -8 ------- Run | Scr Mat Min Exi Min Mat Sto Peak Influence 145 | . 75 28 . . 145 120 Initial 61 | . . 28 . . . 61 Average 64 | . 47 27 . . 72 94 Maximum Alert Level . | . . . . . . . Low Security (%) 100 | 100 100 100 . 100 100 100 Level 1 . | . . . . . . . Level 2 . | . . . . . . . Level 3 . | . . . . . . . Level 4 . | . . . . . . . Level 5 . | . . . . . . . High Security . | . . . . . . . Max Security . | . . . . . . . Squads Dispatched 2 | . . . . . 1 1 Investigation 1 | . . . . . . 1 Extermination . | . . . . . . . Reinforcement 1 | . . . . . 1 . Assault . | . . . . . . . Garrison . | . . . . . . . Intercept . | . . . . . . . Searches Triggered . | . . . . . . . Construction Impeded . | . . . . . . . Haulers Reinforced . | . . . . . . . Active Scanning Responses . | . . . . . . . Cargo Convoy Interrupts . | . . . . . . . Stealth | -11 -10 -10 -10 -9 -8 -8 --------- Run | Scr Mat Min Exi Min Mat Sto Distress Signals 2 | . 1 . . . 1 . Communications Jammed . | . . . . . . . Distress Signals . | . . . . . . . Times Spotted 30 | . 5 2 . 2 18 3 Peak Tracking Total 15 | . 4 1 . 2 15 2 Tactical Retreats 2 | . . . . . 2 . Traps | -11 -10 -10 -10 -9 -8 -8 ------- Run | Scr Mat Min Exi Min Mat Sto Traps Triggered 1 | . . . . . . 1 Indirectly . | . . . . . . . Trap Hack Attempts . | . . . . . . . Triggered . | . . . . . . . Disarmed . | . . . . . . . Reprogrammed . | . . . . . . . Reused . | . . . . . . . Traps Extracted . | . . . . . . . Installed . | . . . . . . . Triggered . | . . . . . . . Machines | -11 -10 -10 -10 -9 -8 -8 ---------- Run | Scr Mat Min Exi Min Mat Sto Machines Disabled 1 | . . . . . . 1 Max in Single Turn 1 | . . . . . . 1 Garrison Access 1 | . . . . . 1 . Machines Sabotaged . | . . . . . . . Garrisons Compromised . | . . . . . . . Overloaded Fab Kills . | . . . . . . . Hacking | -11 -10 -10 -10 -9 -8 -8 --------- Run | Scr Mat Min Exi Min Mat Sto Machines Accessed 11 | . . . 2 . 5 4 Terminals 8 | . . . . . 4 4 Fabricators . | . . . . . . . Repair Stations . | . . . . . . . Recycling Units . | . . . . . . . Scanalyzers . | . . . . . . . Garrison Access 1 | . . . . . 1 . Total Hacks 37 | . . . 16 . 12 9 Successful 30 | . . . 16 . 8 6 Failed 7 | . . . . . 4 3 Catastrophic 1 | . . . . . 1 . Database Lockouts . | . . . . . . . Manual 10 | . . . 1 . 3 6 Terminals 20 | . . . . . 11 9 Fabricators . | . . . . . . . Repair Stations . | . . . . . . . Recycling Units . | . . . . . . . Scanalyzers . | . . . . . . . Garrison Access 1 | . . . . . 1 . Terminal Hacks 27 | . . . 16 . 7 4 Record 16 | . . . 16 . . . Prototype ID Bank 1 | . . . . . 1 . Open Door 1 | . . . . . . 1 Level Access Points 1 | . . . . . . 1 Branch Access Points 1 | . . . . . 1 . Emergency Access Points 1 | . . . . . 1 . Unreport Threat 2 | . . . . . 2 . Locate Traps 2 | . . . . . 1 1 Registered Components 2 | . . . . . 1 1 Fabricator Hacks . | . . . . . . . Repair Station Hacks . | . . . . . . . Recycling Unit Hacks . | . . . . . . . Scanalyzer . | . . . . . . . Garrison Access Hacks 1 | . . . . . 1 . Seal Access 1 | . . . . . 1 . Unauthorized Hacks 2 | . . . . . . 2 Terminals 2 | . . . . . . 2 Botnet 1 | . . . . . . 1 Search 1 | . . . . . . 1 Fabricators . | . . . . . . . Repair Stations . | . . . . . . . Recycling Units . | . . . . . . . Scanalyzers . | . . . . . . . Garrison Access . | . . . . . . . Data Cores Recovered . | . . . . . . . Used . | . . . . . . . Hacking Detections 6 | . . . . . 4 2 Full Trace Events . | . . . . . . . Feedback Events . | . . . . . . . Feedback Blocked . | . . . . . . . Robot Schematics Acquired . | . . . . . . . Robots Built . | . . . . . . . Authchips . | . . . . . . . Time . | . . . . . . . Total Robot Build Rating . | . . . . . . . Part Schematics Acquired . | . . . . . . . Parts Built . | . . . . . . . Authchips . | . . . . . . . Time . | . . . . . . . Total Part Build Rating . | . . . . . . . Parts Repaired . | . . . . . . . Time . | . . . . . . . Parts Recycled . | . . . . . . . Recycled Matter . | . . . . . . . Retrieved Matter . | . . . . . . . Retrieved Components . | . . . . . . . Parts Scanalyzed . | . . . . . . . Part Schematics Acquired . | . . . . . . . Parts Damaged . | . . . . . . . Bothacking | -11 -10 -10 -10 -9 -8 -8 ------------ Run | Scr Mat Min Exi Min Mat Sto Used RIF Installer . | . . . . . . . Robots Hacked . | . . . . . . . Non-combat . | . . . . . . . Combat . | . . . . . . . Robot Hacks Applied . | . . . . . . . Relay Couplers Released . | . . . . . . . Fabnet Peak Effective % . | . . . . . . . Robots Rewired . | . . . . . . . Allies Hacked . | . . . . . . . Hacks Repelled . | . . . . . . . Allies | -11 -10 -10 -10 -9 -8 -8 -------- Run | Scr Mat Min Exi Min Mat Sto Total Allies 3 | . . 3 . . . . Largest Group 3 | . . 3 . . . . Highest-Rated Group 40 | . . 40 . . . . Highest-Rated Ally 16 | . . 16 . . . . Total Orders . | . . . . . . . Ally Attacks 4 | . . 4 . . . . Total Damage 32 | . . 32 . . . . Kills 1 | . . 1 . . . . Allies Corrupted . | . . . . . . . Allies Melted . | . . . . . . . Intel | -11 -10 -10 -10 -9 -8 -8 ------- Run | Scr Mat Min Exi Min Mat Sto Robot Analysis Total . | . . . . . . . Derelict Logs Recovered 1 | . . 1 . . . . Drone Launches . | . . . . . . . Drone Recoveries . | . . . . . . . Exploration | -11 -10 -10 -10 -9 -8 -8 ------------- Run | Scr Mat Min Exi Min Mat Sto Turns Passed 832 | 29 73 134 124 33 128 311 Spaces Moved 1238 | 28 76 318 314 23 297 182 Core 248 | 1 . . . . 65 182 Treads . | . . . . . . . Legs . | . . . . . . . Wheels 47 | 27 20 . . . . . Hover . | . . . . . . . Flight 943 | . 56 318 314 23 232 . Fastest Speed 37 | 50 37 37 37 37 37 50 Average Speed 52 | 78 52 37 37 37 39 126 Slowest Speed 300 | 80 200 37 37 37 50 300 Overloaded Moves . | . . . . . . . Propulsion Burnouts . | . . . . . . . Robots Hopped 6 | . 1 2 . 3 . . Cave-ins Triggered . | . . . . . . . Exploration Rate (%) 35 | 2 23 61 69 10 42 40 Regions Visited 6 Branch Regions 4 Pre-discovered Areas . | . . . . . . . Known Exits Taken 1 | . . . . . 1 . Unknown Exits Taken 5 | 1 1 1 1 1 . . Scrap Searched 2 | . . 2 . . . . Spaces Dug 3 | . . . . . . 3 Terrain Destroyed 3 | . . . . . . 3 Melee 3 | . . . . . . 3 Projectile . | . . . . . . . AOE . | . . . . . . . Terrain Rammed . | . . . . . . . Walls Destroyed . | . . . . . . . Machines Disabled . | . . . . . . . Actions | -11 -10 -10 -10 -9 -8 -8 --------- Run | Scr Mat Min Exi Min Mat Sto Total 1380 | 32 95 331 322 43 307 250 Wait 91 | . . 15 . 24 3 49 Move 1220 | 27 73 313 313 16 296 182 Hop 6 | . 1 2 . 3 . . Pick Up 10 | . 2 . 7 . . 1 Fast Attach 15 | 5 3 1 . . 3 3 Attach 3 | . . . . . . 3 Detach 5 | . . . . . 1 4 Swap . | . . . . . . . Drop 9 | . 3 . 2 . 4 . Fire 15 | . 13 . . . . 2 Melee 6 | . . . . . . 6 Ram . | . . . . . . . Kick . | . . . . . . . Crush . | . . . . . . . Escape Stasis . | . . . . . . . Rewire . | . . . . . . . Trap . | . . . . . . . Miscellaneous . | . . . . . . . Route ------- -11/Scrapyard -10/Materials -10/Mines (discovered 2 exits: [*Mat] / *Exi) -10/Exiles -9/Mines -8/Materials -8/Storage (discovered 1 exit: Fac) History --------- Turn | Location | Event 17 | -11/Scrapyard | Discovered new exit (range 15) 30 | -11/Scrapyard | Entered Materials 94 | -10/Materials | Discovered new exit (range 15) 103 | -10/Materials | Entered Mines 158 | -10/Mines | Assembled infested the area 171 | -10/Mines | Assisted by bots powering up and referring to "LRC-V3" 224 | -10/Mines | Discovered new exit (range 14) 236 | -10/Mines | Discovered new exit (range 5) 237 | -10/Mines | Entered Exiles 247 | -10/Exiles | Met 8R-AWN 253 | -10/Exiles | Met EX-HEX 264 | -10/Exiles | Met EX-BIN 268 | -10/Exiles | Aligned with FarCom system 269 | -10/Exiles | Given EX-Vault access code 280 | -10/Exiles | Opened EX-Vault 282 | -10/Exiles | Found Prototype Device 283 | -10/Exiles | Found Prototype Device 285 | -10/Exiles | Found Prototype Ballistic Gun 295 | -10/Exiles | Warned to stay clear of 0b10 Research branches 305 | -10/Exiles | Build established: Mutant 332 | -10/Exiles | Met EX-DEC 358 | -10/Exiles | Discovered new exit (range 10) 361 | -10/Exiles | Stole three prototypes: Cloak of Protection, Trap Reconfigurator, AWS/Gauss 361 | -10/Exiles | Entered Mines 370 | -9/Mines | Discovered new exit (range 10) 394 | -9/Mines | Entered Materials 394 | -8/Materials | Evolved 4 slots: Propulsion x2, Utility x2 395 | -8/Materials | Identified exit to Storage 521 | -8/Materials | Lost 4 parts (1p2n1u) 521 | -8/Materials | Core integrity fell below 50% 522 | -8/Materials | Entered Storage 549 | -8/Storage | Identified exit to Factory 793 | -8/Storage | Core integrity fell below 20% 833 | -8/Storage | Destroyed by Y-45 Defender with Beam Rifle Last Messages --------------- 00681_ A-02 Transporter system corrupted by crushing effect. 00703_ A-02 Transporter suffers critical hit (Smash). 00703_ Destroyed Weight Redist. System. 00703_ A-02 Transporter system corrupted by crushing effect. 00704_ A-02 Transporter system terminally corrupted. 00704_ Transport Network Coupler fried. 00706_ Acquired 43 matter. 00710_ K-01 Serf collects debris. 00747_ U-05 Engineer builds a Wall. 00769_ R-06 Scavenger collects Corrupted Lgt. Treads. 00788_ Acquired 7 matter. 00791_ Connecting with Terminal... >>Force(Search) SEARCH_COMPLETE[8] DISCOVERED[6xTerminal] DISCOVERED[1xRecycling Unit] DISCOVERED[1xGarrison Access] COORDINATES_EXTRACTED 00791_ ALERT: Suspicious activity at Terminal S003. Dispatching Investigation squad. Map ----- +----------------------------------------------------+ | ??????????????????????????????????????????# ! | | ??????????????????????????????????????????# | | ??????????????????????????????????????????# | | ??????????????????????????????????????????# | | ??????????????????????????????????????????# | | ??????????????????????????????????????????# | | | ??????????????????????????????????????????# | | ?????????????????????????????????????????####+###+ | | ?????????????????????????????????????????#### | | ?????????????????????????????????????????# | | ????????????????????????????????????????##+####### | | ??????????????????????s?????????????????# # | | ??????????????????????ss????????????????# %# | | ????????????????????????????????????????# # | | ??????????????????????s?????????????????#"" # | | ????????????????????????????????????????#"T # | | ?????????????????]??????????????????????#"" / | | ????????????????????????????????Y???????# # | | ????????????????????????????????????????###/## | | ???????????????????????????????????#+##### ##+## | | ???????????????????????????????????# ] | | ???????????????????????????????????####### !##### | | ?????????????????????????????????????????## ##???? | | ????????????????????????????????????????### #????? | | ?????????????????###/####################"# ##???? | | ?????????? w @ Y ^ #???? | | ??????